 Dungeon Crawl Stone Soup version 0.30.1-3-gfc49f6343a (webtiles) character file.

Game seed: 14892781544990782299

115 wingedge the Trooper (level 4, -1/58 HPs)
             Began as a Demigod Wanderer on Aug 5, 2023.
             Slain by a gnoll
             ... wielding a +0 whip
              (5 damage)
             ... on level 3 of the Dungeon.
             The game lasted 00:06:22 (1815 turns).

wingedge the Trooper (Demigod Wanderer)             Turns: 1815, Time: 00:06:22

Health: -1/58      AC: 22    Str: 13    XL:     4   Next: 41%
Magic:  1/9        EV:  2    Int: 19    God:
Gold:   92         SH:  0    Dex: 12    Spells: 4/6 levels left

rFire   . . .        a - +2 dagger (speed)
rCold   . . .        (no shield)
rNeg    . . .        c - melded +0 robe
rPois   +            h - melded +0 helmet
rElec   .            (cloak currently unavailable)
rCorr   .            (gloves currently unavailable)
SInv    .            (boots currently unavailable)
Will    .....        (no amulet)
Stlth   ++           (no ring)
HPRegen 0.29/turn    (no ring)
MPRegen 0.11/turn

%: no passive effects
@: tree-form
A: stationary, stasis, torment immunity, boosted hp, high MP 1, forlorn, divine
attributes
a: no special abilities


You were on level 3 of the Dungeon.
You were a tree.
You visited 1 branch of the dungeon, and saw 3 of its levels.

You collected 92 gold pieces.

Inventory:

Hand Weapons
 a - a +2 dagger of speed (weapon)
 j - a +3 short sword
Armour
 c - a +0 robe (melded)
 e - a +0 leather armour
 h - a +0 helmet (melded)
 k - a +4 scale mail
Scrolls
 f - a scroll of teleportation
 i - a scroll of fog
Potions
 b - 2 potions of brilliance
 g - a potion of attraction


   Skills:
 - Level 3.6 Fighting
 - Level 2.6 Short Blades
 - Level 1.0 Stealth
 + Level 1.7 Spellcasting
 + Level 2.4 Air Magic
 + Level 2.7 Poison Magic


You had 4 spell levels left.
You knew the following spells:

 Your Spells              Type           Power      Damage    Failure   Level
a - Poisonous Vapours     Pois/Air       22%        N/A       9%          2

Your spell library contained the following spells:

 Spells                   Type           Power      Damage    Failure   Level
 Cigotuvi's Dreadful Rot  Necr/Pois/Air  16%        N/A       13%         2
 Animate Armour           Summ/Erth      2%         N/A       86%         4
 Blade Hands              Tmut           0%         N/A       99%         5
 Iron Shot                Conj/Erth      0%         9d1       100%        6


Dungeon Overview and Level Annotations

Branches:
Dungeon (3/15)


Innate Abilities, Weirdness & Mutations

You are a tree.
Your roots penetrate the ground, keeping you stationary.
You cannot be teleported.
You are immune to unholy pain and torment.
Your maximum health is greatly increased.
Your equipment is partially melded.
You have an increased reservoir of magic. (+10% MP)
You shall have no god before yourself.
Your divine heritage dramatically boosts your attributes as you level up.


Message History

You hit the gnoll but do no damage.
The gnoll is severely wounded.
You hit the gnoll.
The gnoll is severely wounded.
The gnoll hits you with a +0 whip. The gnoll hits you with a +0 spear.
You barely miss the gnoll.
The gnoll is severely wounded.
The gnoll hits you with a +0 whip! The gnoll hits you with a +0 spear.
The gnoll hits you from afar with a +0 spear.
You kill the gnoll!
The gnoll attacks as you move away! The gnoll hits you with a +0 whip.
* * * LOW HITPOINT WARNING * * *
The gnoll attacks as you move away! The gnoll hits you with a +0 whip!
* * * LOW HITPOINT WARNING * * *
There is an escape hatch in the ceiling here.
You see here a +0 club.
Really quaff the potion of lignification?
You turn into a tree.
Your +0 helmet melds into your body.
Your +0 robe melds into your body.
Your roots penetrate the ground.
The gnoll hits you but does no damage.
Casting: Poisonous Vapours (safe; 9% risk of failure)
Confirm with . or Enter, or press ? or * to list all spells.
Aiming: Poisonous Vapours (safe; 9% risk of failure)
Press: ? - help, Dir - move target, f - gnoll
Aim: a gnoll, wielding a +0 whip and wearing a +0 scale mail Poisonous vapours surround the gnoll!
The gnoll is poisoned.
The gnoll hits you but does no damage. The goblin hits you but does no damage.
You hit the gnoll.
The gnoll is moderately wounded.
You completely miss the gnoll.
The gnoll is moderately wounded.
The goblin barely misses you. The gnoll hits you with a +0 whip.
* * * LOW HITPOINT WARNING * * *
You hit the gnoll but do no damage.
The gnoll is moderately wounded.
Okay, then.
You barely miss the gnoll.
The gnoll is moderately wounded.
The goblin hits you but does no damage. The gnoll hits you with a +0 whip.
You die...

...........#
..#####....#
####.# ######.#
##....#.#
#.....#.#
#.....#.#
#.....#.#
#...g♣..#
..#'#####..g..##
.......)......#
.....#........#
..# #........#
#........#
#........#
#..).#####
#....#


You could see a gnoll (poisoned) and a goblin.

Vanquished Creatures
  Terence (D:2)
  Jessica (D:2)
  2 gnolls (D:3)
  An adder (D:2)
  5 bats
  4 endoplasms
  3 giant cockroaches
  2 goblins (D:2)
  4 hobgoblins
  4 ball pythons
  A frilled lizard (D:2)
  3 kobolds
  6 rats (D:1)
  A spectral hobgoblin (D:1)
38 creatures vanquished.

Notes
Turn   | Place    | Note
-------+----------+-------------------------------------------
     0 | D:1      | wingedge the Demigod Wanderer began the quest for the Orb.
     0 | D:1      | wingedge set off with the following items: a +3 short
                  | sword, a potion of brilliance, a +0 robe; and the following
                  | spells available to memorise: Poisonous Vapours, Cigotuvi's
                  | Dreadful Rot.
     0 | D:1      | Reached XP level 1. HP: 19/19 MP: 4/4
   253 | D:1      | Reached skill level 1 in Air Magic
   263 | D:1      | Reached XP level 2. HP: 21/26 MP: 5/5
   829 | D:2      | Reached XP level 3. HP: 29/31 MP: 6/6
   832 | D:2      | Learned a level 2 spell: Poisonous Vapours
   904 | D:2      | Noticed Jessica
   910 | D:2      | Killed Jessica
  1002 | D:2      | Noticed Terence
  1021 | D:2      | Killed Terence
  1022 | D:2      | Reached XP level 4. HP: 33/39 MP: 0/8
  1815 | D:3      | Slain by a gnoll

Illustrated notes

Levels and vault maps discovered:
D:1:      amcnicky_arrival_abandoned_market, layout_basic,
          dreamdust_ecumenical_altar_drowned_temple
D:2:      cheibrodos_old_hovel, layout_basic, uniq_jessica, uniq_terence
D:3:      layout_basic, mainiacjoe_overflow_alcove_2, lexackson_kobold_supper

Skill      XL: |  1  2  3 |
---------------+----------+-----
Air Magic      | 1 2 |  2.4
Poison Magic   | 2 |  2.7
Fighting       | |  3.6
Short Blades   | |  2.6
Stealth        | |  1.0
Spellcasting   | |  1.7

Action                     |  1- 3 |  4- 6 || total
---------------------------+-------+-------++-------
  Melee: Short sword       |    73 |       ||    73
         Dagger            |     5 |    20 ||    25
   Cast: Poisonous Vapours |     9 |    12 ||    21
    Use: Scroll            |       |     4 ||     4
         Potion            |       |     1 ||     1
   Stab: Sleeping          |     4 |       ||     4
 Armour: Robe              |    10 |     1 ||    11
         Skin              |       |     4 ||     4
  Dodge: Dodged            |    33 |     2 ||    35
